 Dungeon Crawl Stone Soup version 0.19-a0-1875-g4fea3da (webtiles) character file.

2433 Alarkh the Magician (level 9, -7/54 HPs)
             Began as a Mummy Summoner on Oct 13, 2016.
             Was a Believer of Hepliaklqana.
             Mangled by an orc warrior
             ... wielding a +0 hand axe
              (8 damage)
             ... on level 6 of the Dungeon.
             The game lasted 00:21:54 (8479 turns).

Alarkh the Magician (Mummy Summoner)                Turns: 8479, Time: 00:21:55

Health: -7/54      AC:  9    Str: 11    XL:     9   Next: 24%
Magic:  19/19      EV: 12    Int: 18    God:    Hepliaklqana [**....]
Gold:   65         SH:  6    Dex: 12    Spells: 3 memorised, 14 levels left

rFire  x . .     SeeInvis .     a - +0 trident
rCold  + + .     Gourm    .     x - +2 robe {rN+}
rNeg   + + +     Faith    .     (no shield)
rPois  ∞         Spirit   .     l - +0 helmet
rElec  .         Dismiss  .     d - +0 cloak
rCorr  .         Reflect  +     c - +2 pair of gloves
MR     +....     Harm     .     (no boots)
Stlth  +++.......               t - +6 amulet of reflection
                                r - ring of protection from cold
                                m - ring of stealth

@: no status effects
A: no food or potions, fire vulnerability, reduced essence, cold resistance 1,
negative energy resistance 3, torment resistance, unbreathing
a: Recall Ancestor, Ancestor Identity, Renounce Religion


You were on level 6 of the Dungeon.
You worshipped Hepliaklqana.
Hepliaklqana was pleased with you.
You were not hungry.

You visited 2 branches of the dungeon, and saw 8 of its levels.

You collected 289 gold pieces.
You spent 224 gold pieces at shops.

Inventory:

Hand Weapons
 a - a +0 trident (weapon)
 g - a +0 mace
 k - a -3 trident
Armour
 c - a +2 pair of gloves (worn)
 d - a +0 cloak (worn)
 l - a +0 helmet (worn)
 n - a +0 robe
 u - a +2 large shield
 x - a +2 robe of positive energy (worn)
 C - +0 storm dragon scales
Jewellery
 m - a ring of stealth (left hand)
 r - a ring of protection from cold (right hand)
 t - a +6 amulet of reflection (around neck)
 v - an uncursed amulet of rage
 z - an uncursed ring of flight
Wands
 y - a wand of random effects (32/48)
 A - a wand of slowing (24/48)
Scrolls
 e - a scroll of identify
 f - a scroll of amnesia {unknown}
 h - a scroll of blinking
 i - 4 scrolls of teleportation
 j - 2 scrolls of remove curse
 o - 2 scrolls of noise
 p - a scroll of fear {unknown}
 q - 2 scrolls of enchant weapon
 s - 4 scrolls of enchant armour
 w - a scroll of fog {unknown}
 B - a scroll of magic mapping {unknown}
 D - a scroll of holy word {unknown}
Books
 b - a book of Callings

   Spells                             Type                      Level
   a - Summon Small Mammal            Summoning                    1
   b - Call Imp                       Summoning                    2
   c - Call Canine Familiar           Summoning                    3
   d - Summon Guardian Golem          Hexes/Summoning              3
   e - Summon Lightning Spire         Summoning/Air                4
   f - Summon Ice Beast               Ice/Summoning                4


   Skills:
 + Level 1.6 Fighting
 * Level 5.3 Polearms
 + Level 0.5 Armour
 + Level 1.7 Dodging
 - Level 1.5 Stealth
 + Level 0.8 Shields
 + Level 7.0 Spellcasting
 + Level 6.7 Summonings


You had 14 spell levels left.
You knew the following spells:

 Your Spells              Type           Power        Failure   Level  Hunger
a - Call Canine Familiar  Summ           ####....     1%          3    N/A
b - Summon Small Mammal   Summ           ####         1%          1    N/A
c - Summon Ice Beast      Ice/Summ       ###.....     28%         4    N/A

Dungeon Overview and Level Annotations

Branches:
Dungeon (7/15)             Temple (1/1) D:5

Altars:
Ashenzari
Dithmenos
Elyvilon
Fedhas
Gozag
Hepliaklqana
Kikubaaqudgha
Makhleb
Nemelex Xobeh
Okawaru
Qazlal
Ru
Sif Muna
Trog
Vehumet
Xom
Yredelemnul
Zin
The Shining One

Shops:
D:6 ?

Annotations:
D:5 Avanven's ghost, novice TrMo


Innate Abilities, Weirdness & Mutations

You do not eat or drink.
Your flesh is vulnerable to fire.
You are immune to poison.
Your flesh is cold resistant. (rC+)
You are immune to negative energy. (rN+++)
You are immune to unholy pain and torment.
You can survive without breathing.
Your life essence is reduced. (-10% HP)


Message History

* * * LOW HITPOINT WARNING * * *
The orc warrior hits Xiuhtonal with a hand axe.
You barely miss the orc warrior.
Xiuhtonal hits the orc warrior but does no damage.
The orc warrior hits you with a hand axe.
* * * LOW HITPOINT WARNING * * *
The orc warrior completely misses Xiuhtonal.
You hit the orc warrior but do no damage.
Xiuhtonal hits the orc warrior but does no damage.
Xiuhtonal drains the orc warrior!
You barely miss the orc warrior.
The orc warrior is lightly wounded.
The orc warrior hits you with a hand axe.
* * * LOW HITPOINT WARNING * * *
The orc warrior hits Xiuhtonal with a hand axe.
Xiuhtonal hits the orc warrior but does no damage.
You hit the orc warrior but do no damage.
The orc warrior is lightly wounded.
The orc warrior hits you with a hand axe!
You die...

.........#................#.....#
.........#................#.[....
.........#................#......
.........#................#......
.........#...........)....#.....#
.........#................#.....#
.........##...##.##)###+####....#
.........†######.##.##..####....#
..........#..o.o@.......#........
..........#.....R.......#.......#
.†........'.............#.......#
..........#.............#........
..........#.............'........
..........#.............#........
..........#+####'##.....##......#
######.......#...##.....##......#
#.......#...........#......#


You could see the friendly Xiuhtonal the hexer, an orc warrior and an orc.

Vanquished Creatures
  Sigmund (D:4)
  2 phantoms
  A sky beast (D:5)
  2 slaves
  An ogre (D:5)
  2 centaurs
  A scorpion (D:4)
  2 howler monkeys (D:4)
  A crimson imp (D:5)
  A bullfrog zombie (D:6)
  2 hounds
  3 jellies
  An orc priest (D:6)
  A centaur skeleton (D:5)
  Terence (D:2)
  An iguana (D:6)
  An orc wizard (D:7)
  A worker ant (D:5)
  2 adders
  An ooze (D:4)
  2 worms
  A dart slug (D:1)
  3 leopard geckos
  8 orcs
  7 ball pythons
  8 bats
  2 giant cockroaches
  5 goblins
  6 hobgoblins (D:2)
  6 jackals
  3 frilled lizards
  A giant cockroach zombie (D:5)
  A kobold (D:1)
  A quokka skeleton (D:6)
  9 rats
91 creatures vanquished.

Vanquished Creatures (collateral kills)
  Pikel (D:4)
  A hippogriff (D:5)
  Duvessa (D:4)
  A black bear (D:5)
  2 slaves
  A centaur (D:5)
  2 ogres
  2 bullfrogs
  Dowan (D:4)
  2 scorpions
  3 orc priests
  A hound (D:6)
  A jelly (D:6)
  A centaur skeleton (D:5)
  Crazy Yiuf (D:2)
  Natasha (thrice) (D:2)
  4 orc wizards
  2 worker ants
  A worker ant zombie (D:6)
  Robin (D:2)
  9 adders
  2 oozes
  An adder skeleton (D:5)
  A worm (D:4)
  3 dart slugs
  4 leopard geckos
  14 orcs
  2 giant cockroaches
  7 goblins
  3 hobgoblins
  2 jackals
  A quokka (D:4)
  A ball python (D:2)
  A bat (D:3)
  2 frilled lizards (D:1)
  3 kobolds
  A leopard gecko skeleton (D:4)
  3 rats (D:1)
92 creatures vanquished.

Vanquished Creatures (others)
  A quokka (D:4)
1 creature vanquished.

Grand Total: 184 creatures vanquished

Notes
Turn   | Place    | Note
-------+----------+-------------------------------------------
     0 | D:1      | Alarkh the Mummy Summoner began the quest for the Orb.
     0 | D:1      | Reached XP level 1. HP: 13/13 MP: 3/3
   322 | D:1      | Reached XP level 2. HP: 19/19 MP: 3/5
  1144 | D:2      | Found a radiant altar of Vehumet.
  1146 | D:2      | Noticed Natasha
  1171 | D:2      | Killed Natasha
  1171 | D:2      | Reached XP level 3. HP: 24/24 MP: 4/7
  1176 | D:2      | Learned a level 3 spell: Call Canine Familiar
  1209 | D:2      | Found a runed door.
  1276 | D:2      | Reached skill level 3 in Spellcasting
  1504 | D:2      | Noticed Robin
  1540 | D:2      | Killed Robin
  1595 | D:2      | Reached XP level 4. HP: 25/30 MP: 6/8
  1687 | D:2      | Noticed Natasha
  1734 | D:2      | Killed Natasha
  1888 | D:2      | Noticed Natasha
  1912 | D:2      | Killed Natasha
  2038 | D:2      | Noticed Terence
  2208 | D:1      | Learned a level 4 spell: Summon Ice Beast
  2234 | D:2      | Killed Terence
  2504 | D:3      | Reached XP level 5. HP: 33/35 MP: 8/10
  2765 | D:2      | Reached skill level 4 in Spellcasting
  3254 | D:4      | Found a white marble altar of Elyvilon.
  3288 | D:4      | Noticed Dowan
  3291 | D:4      | Noticed Duvessa
  3319 | D:4      | Killed Duvessa
  3542 | D:4      | Killed Dowan
  3542 | D:4      | Reached skill level 1 in Polearms
  3542 | D:4      | Reached XP level 6. HP: 16/41 MP: 10/12
  3925 | D:4      | Noticed a slave
  3926 | D:4      | Noticed Pikel
  3926 | D:4      | Noticed a slave
  3928 | D:4      | Noticed a slave
  3928 | D:4      | Noticed a slave
  3962 | D:3      | Killed a slave
  4035 | D:3      | Killed a slave
  4212 | D:4      | Noticed Sigmund
  4542 | D:4      | Killed a slave
  4741 | D:4      | Reached skill level 5 in Summonings
  4909 | D:4      | Reached XP level 7. HP: 39/46 MP: 10/14
  5227 | D:4      | Killed Pikel
  5227 | D:4      | Reached skill level 5 in Spellcasting
  5399 | D:4      | Killed Sigmund
  5537 | D:5      | Entered Level 5 of the Dungeon
  5653 | D:5      | Reached XP level 8. HP: 35/52 MP: 12/16
  5805 | D:5      | Noticed a hippogriff
  5817 | D:5      | Killed a hippogriff
  5817 | D:5      | Reached skill level 6 in Spellcasting
  6049 | D:5      | Noticed Avanven's ghost (novice TrMo)
  6251 | D:5      | Found a deep blue altar of Sif Muna.
  6428 | D:2      | Noticed Crazy Yiuf
  6471 | D:2      | Killed Crazy Yiuf
  7207 | D:5      | Found a staircase to the Ecumenical Temple.
  7214 | Temple   | Entered the Ecumenical Temple
  7448 | Temple   | Became a worshipper of Hepliaklqana the Forgotten
  7779 | D:6      | Reached * piety under Hepliaklqana
  7785 | D:6      | Reached XP level 9. HP: 36/51 MP: 19/19
  7817 | D:6      | Reached skill level 5 in Polearms
  7917 | D:6      | Found an iron altar of Okawaru.
  7918 | D:6      | Found a shimmering altar of Xom.
  8015 | D:6      | Found a burning altar of Makhleb.
  8189 | D:6      | Found Naucsept's Magic Scroll Emporium.
  8198 | D:6      | Bought a scroll of enchant weapon for 112 gold pieces
  8198 | D:6      | Bought a scroll of enchant armour for 112 gold pieces
  8247 | D:6      | Reached ** piety under Hepliaklqana
  8260 | D:6      | Remembered your ancestor Xiuhtonal as a hexer
  8319 | D:7      | Reached skill level 7 in Spellcasting
  8373 | D:7      | Reached skill level 1 in Fighting
  8478 | D:6      | HP: 1/54 [orc warrior/hand axe (4)]
  8479 | D:6      | Mangled by an orc warrior

Vault maps used:
D:1:      nagdon_arrival_zigzag_paths, minmay_fountain_box
D:2:      vehumet_crystals, first_bread, minmay_pentomino_u2, uniq_robin,
          uniq_terence, uniq_crazy_yiuf_cottage, uniq_natasha
D:4:      elyvilon_altar_4, uniq_sigmund, uniq_pikel, uniq_duvessa
D:5:      nicolae_overflow_crystal_walls, minmay_misc_feat_five,
          saegor_snake_ambush
D:6:      gammafunk_temple_overflow_statue, serial_shops, shop, basic_altar
D:7:      st_stairs_13, minmay_liquid_box
Temple:   eino_temple_water

Skill      XL: |  1  2  3  4  5  6  7  8  9 |
---------------+----------------------------+-----
Spellcasting   | 3 4 5 6 7 |  7.0
Summonings     | 4 5 6 |  6.7
Polearms       | 1 2 3 4 5 |  5.3
Fighting       | 1 |  1.6
Armour         | |  0.5
Dodging        | |  1.7
Stealth        | |  1.5
Shields        | |  0.8

Action                   |  1- 3 |  4- 6 |  7- 9 || total
-------------------------+-------+-------+-------++-------
Melee: Unarmed           |    55 |       |       ||    55
       Mace              |    58 |       |       ||    58
       Trident           |     8 |   258 |   299 ||   565
 Cast: Summon Small Mamm |    36 |    21 |       ||    57
       Call Canine Famil |       |    36 |    32 ||    68
       Summon Ice Beast  |       |       |    14 ||    14
Invok: Ancestor Identity |       |       |     2 ||     2
       Ancestor Life: He |       |       |     1 ||     1
  Use: Scroll            |       |     2 |     3 ||     5
 Stab: Sleeping          |     3 |     9 |    17 ||    29
       Distracted        |       |     2 |     3 ||     5
Armor: Robe              |    43 |    79 |    66 ||   188
Dodge: Dodged            |    82 |   145 |   102 ||   329
Block: Other             |       |    33 |    58 ||    91
       Reflection        |       |     4 |     2 ||     6
